 Dungeon Crawl Stone Soup version 0.19-a0-1170-g18f0c96 (webtiles) character file.

18291 jacquesderrida the Basher (level 12, -6/61 HPs)
             Began as a Vine Stalker Wanderer on Aug 18, 2016.
             Was an Elder of Hepliaklqana.
             Mangled by an ice devil (16 damage)
             ... on level 6 of the Lair of Beasts.
             The game lasted 00:35:27 (5437 turns).

jacquesderrida the Basher (Vine Stalker Wanderer)   Turns: 5437, Time: 00:35:27

Health: -6/61      AC:  9    Str: 15    XL:     12   Next: 57%
Magic:  0/13       EV: 15    Int: 13    God:    Hepliaklqana [****..]
Gold:   463        SH:  0    Dex: 18    Spells: 0 memorised, 11 levels left

rFire  . . .     SeeInvis .     a - +4 eveningstar (venom)
rCold  . . .     Gourm    +     u - +0 ring mail
rNeg   . . .     Faith    .     (no shield)
rPois  .         Spirit   +     (no helmet)
rElec  .         Dismiss  .     (no cloak)
rCorr  .         Reflect  .     E - +0 pair of gloves (curse)
MR     +....     Harm     .     C - +1 pair of boots
Stlth  +.........               z - amulet of the gourmand
                                (no ring)
                                (no ring)

@: no status effects
A: fangs 3, regeneration 3, magic shield, antimagic bite, no device heal 3, rot
immunity
a: Recall Ancestor, Ancestor Identity, Transference, Idealise, Renounce Religion


You were on level 6 of the Lair of Beasts.
You worshipped Hepliaklqana.
Hepliaklqana was greatly pleased with you.
You were full.

You visited 3 branches of the dungeon, and saw 17 of its levels.

You collected 619 gold pieces.
You spent 156 gold pieces at shops.

Inventory:

Hand Weapons
 a - a +4 eveningstar of venom (weapon)
 b - a +1 blowgun
 e - the +6 arbalest "Damnation" {damnation}
   (You found it on level 2 of the Lair of Beasts)
 p - a +1 great mace of protection
Missiles
 f - 24 bolts
 A - 15 poisoned needles
Armour
 u - a +0 ring mail (worn)
 C - a +1 pair of boots (worn)
 E - a cursed +0 pair of gloves (worn)
Jewellery
 z - an amulet of the gourmand (around neck)
Wands
 d - a wand of paralysis (3/24)
 r - a wand of flame (24/48)
 x - a wand of iceblast (4/15)
 H - a wand of disintegration (6/24)
 I - a wand of disintegration (8/24)
Scrolls
 i - a scroll of blinking
 o - 3 scrolls of enchant weapon
 s - 3 scrolls of remove curse
 B - 2 scrolls of magic mapping
 D - a scroll of amnesia
Potions
 g - a potion of might
 h - a potion of flight
 k - 3 potions of cure mutation
 l - a potion of magic
 G - 3 potions of brilliance
 J - 2 potions of curing
Comestibles
 c - 12 fruits
 t - 4 meat rations


   Skills:
 - Level 10.5 Fighting
 + Level 11.2(11.5) Maces & Flails
   Level 4.8(8.7) Staves
 - Level 3.6 Crossbows
 + Level 6.1 Armour
 + Level 6.2 Dodging
   Level 1.0 Shields
 - Level 1.0 Evocations


You had 11 spell levels left.
You didn't know any spells.

Dungeon Overview and Level Annotations

Branches:
Dungeon (10/15)            Temple (1/1) D:7            Lair (6/6) D:10
  Snake (0/4) Lair:3
  Swamp: Lair:2-4    Shoals: Lair:2-4     Slime: Lair:5-6       Orc: D:9-12

Altars:
Dithmenos
Fedhas
Hepliaklqana
Makhleb
Nemelex Xobeh
Okawaru
Pakellas
Qazlal
Ru
Sif Muna
Trog
Uskayaw
Xom
The Shining One

Shops:
D:7 (

Annotations:
Lair:4 exclusion: oklob plant


Innate Abilities, Weirdness & Mutations

You have razor-sharp teeth.
You regenerate.
When hurt, damage is shared between your health and your magic reserves.
Your bite disrupts and absorbs the magic of your enemies.
Potions and wands cannot restore your health.
You are immune to rotting.


Message History

The ice devil is lightly wounded.
Acephallos hits the ice devil with a quarterstaff.
You hit the ice devil.
The ice devil is poisoned.
You bite the ice devil. You drain its power.
You feel invigorated.
The ice devil is moderately wounded.
The ice devil hits you! The ice devil freezes you!
The red devil hits you from afar with a trident!
* * * LOW HITPOINT WARNING * * *
Unknown command.
You hit the ice devil but do no damage.
The ice devil looks as sick as possible!
The ice devil is moderately wounded.
Acephallos barely misses the ice devil.
The ice devil hits you but does no damage.
The red devil hits you but does no damage.
An ice devil comes into view.
You swap places.
The ice devil hits you!
* * * LOW HITPOINT WARNING * * *
The ice devil freezes you!!
You die...

≈§ ######### ##§≈≈
........#.....≈
...8.8.4#....44
..8.8...'...._3 ...8.8..#
..8.8..4#
...8.8.4##############
..8.8..R@.............
........#...8....8....
♣♣♣♣♣+#########.............
♣♣.♣♣.♣♣♣ ######''#####
♣♣...†...♣♣♣ ♣....♣
♣...♣♣♣....♣♣♣ ♣...♣♣ .♣♣♣♣
♣♣♣♣...♣♣ ♣♣♣..♣♣ ♣♣
♣♣...♣♣♣♣♣..♣♣♣ ♣♣♣..♣♣..♣♣♣


You could see the friendly Acephallos the battlemage, 2 ice devils and a red
devil.

Vanquished Creatures
  2 hydras (Lair:6)
  A catoblepas (Lair:3)
  An unseen horror (D:10)
  A wizard (Lair:6)
  Pikel (D:6)
  5 elephants (Lair:3)
  A rime drake (Lair:6)
  6 spiny frogs
  An ice devil (Lair:6)
  Prince Ribbit (D:6)
  A basilisk (Lair:5)
  5 yaks
  2 hippogriffs
  A hell hound (Lair:6)
  2 water moccasins
  A porcupine (Lair:5)
  An eye of draining (D:9)
  3 ice beasts
  A phantom (D:5)
  2 ogres
  2 centaurs
  6 crocodiles
  9 giant frogs
  A water moccasin skeleton (D:7)
  3 scorpions
  An electric eel (Lair:3)
  2 crimson imps
  3 centaur zombies
  A quasit (D:5)
  A jelly (D:9)
  2 gnoll shamans
  A hound (D:4)
  2 giant frog skeletons
  2 orc wizards
  2 centaur skeletons
  4 iguanas
  8 worker ants
  6 sheep (Lair:5)
  A howler monkey zombie (D:9)
  9 adders
  11 gnolls
  9 river rats
  3 shadow imps
  An ooze (D:3)
  An adder zombie (D:7)
  A dart slug (D:4)
  4 giant geckos
  4 orcs
  3 giant cockroaches
  2 goblins (D:3)
  6 hobgoblins
  15 jackals
  2 kobolds
  3 quokkas
  3 bats
  2 giant newts
  A quokka skeleton (D:4)
  A quokka zombie (D:5)
  3 rats
  A fungus (Lair:4)
  A plant (D:10)
182 creatures vanquished.

Vanquished Creatures (collateral kills)
  A hydra (Lair:1)
  An elephant (Lair:3)
  A smoke demon (Lair:6)
  5 spiny frogs
  A komodo dragon (Lair:3)
  8 yaks
  2 basilisks (Lair:3)
  3 water moccasins
  2 porcupines
  2 centaurs (D:9)
  A crocodile (Lair:2)
  4 giant frogs
  A killer bee (Lair:1)
  A centaur skeleton (D:8)
  2 orc wizards (D:8)
  3 iguanas (Lair:1)
  A sheep (Lair:5)
  4 gnolls (D:8)
  14 river rats
  An adder skeleton (D:7)
  An orc (D:8)
  A jackal (D:9)
60 creatures vanquished.

Vanquished Creatures (others)
  A slave (D:6)
  A scorpion (D:6)
  A crimson imp (D:6)
  A hound (D:6)
  4 battlemagi
  An ancestor (D:10)
  A ball python (D:6)
  2 jackals (D:6)
  A quokka (D:6)
13 creatures vanquished.

Grand Total: 255 creatures vanquished

Notes
Turn   | Place    | Note
-------+----------+-------------------------------------------
     0 | D:1      | jacquesderrida the Vine Stalker Wanderer began the quest for the Orb.
     0 | D:1      | jacquesderrida set off with: a +2 quarterstaff, a +0 hand crossbow, 23 bolts, a potion of curing, a +0 robe, a bread ration
     0 | D:1      | Reached XP level 1. HP: 11/11 MP: 2/2
   140 | D:1      | Reached XP level 2. HP: 5/16 MP: 3/3
   189 | D:2      | Found a sacrificial altar of Ru.
   356 | D:2      | Reached XP level 3. HP: 20/20 MP: 4/4
   524 | D:3      | Reached XP level 4. HP: 9/24 MP: 2/5
   789 | D:5      | Entered Level 5 of the Dungeon
   836 | D:5      | Noticed Prince Ribbit
   862 | D:6      | Noticed a giant frog
   875 | D:6      | Killed a giant frog
   875 | D:6      | Reached XP level 5. HP: 13/29 MP: 2/6
   976 | D:6      | Noticed Pikel
   976 | D:6      | Noticed a slave
   977 | D:6      | Noticed a slave
   977 | D:6      | Noticed a slave
   987 | D:6      | Noticed a slave
   991 | D:6      | Killed Pikel
   991 | D:6      | Reached skill level 5 in Fighting
   991 | D:6      | Gained mutation: You heal very quickly. [Vine Stalker growth]
   991 | D:6      | Reached XP level 6. HP: 6/36 MP: 5/7
   991 | D:6      | Reached XP level 7. HP: 6/39 MP: 5/8
  1054 | D:6      | Reached skill level 1 in Maces & Flails
  1147 | D:6      | Reached skill level 2 in Maces & Flails
  1206 | D:6      | Noticed a hand axe
  1207 | D:6      | Noticed a hand axe
  1207 | D:6      | Found a hide-covered altar of Uskayaw.
  1333 | D:5      | Gained mutation: You have razor-sharp teeth. [Vine Stalker growth]
  1333 | D:5      | Reached XP level 8. HP: 40/44 MP: 7/9
  1409 | D:5      | Reached skill level 3 in Maces & Flails
  1714 | D:3      | You fall through a shaft!
  1903 | D:5      | Reached skill level 4 in Maces & Flails
  1949 | D:6      | Killed Prince Ribbit
  2028 | D:7      | Found a staircase to the Ecumenical Temple.
  2031 | D:7      | THANKS
  2033 | Temple   | Entered the Ecumenical Temple
  2056 | Temple   | Became a worshipper of Hepliaklqana
  2209 | D:7      | Reached skill level 5 in Maces & Flails
  2209 | D:7      | Reached XP level 9. HP: 29/45 MP: 6/10
  2228 | D:7      | Got a distressingly furry robe
  2256 | D:7      | Identified the cursed +0 robe of the Hart {Str+3 Stlth+} (You found it on level 7 of the Dungeon)
  2328 | D:7      | Found an oddly glowing altar of Pakellas.
  2332 | D:7      | Found a blossoming altar of Fedhas.
  2332 | D:7      | Found a glowing golden altar of the Shining One.
  2334 | D:7      | Found a stormy altar of Qazlal.
  2416 | D:7      | Found Rirchoa's Antique Weapon Emporium.
  2419 | D:7      | Bought a runed great mace for 156 gold pieces
  2599 | D:8      | Reached skill level 6 in Maces & Flails
  2760 | D:8      | Reached * piety under Hepliaklqana
  2879 | D:9      | Found a shadowy altar of Dithmenos.
  3011 | D:10     | Entered Level 10 of the Dungeon
  3121 | D:10     | Killed an unseen horror
  3121 | D:10     | Reached skill level 7 in Maces & Flails
  3121 | D:10     | Reached XP level 10. HP: 39/52 MP: 11/11
  3239 | D:9      | Noticed a cyclops
  3423 | D:10     | Found a staircase to the Lair.
  3434 | Lair:1   | Entered Level 1 of the Lair of Beasts
  3480 | Lair:1   | Reached ** piety under Hepliaklqana
  3489 | Lair:1   | Remembered your ancestor Acephallos as a battlemage
  3573 | Lair:1   | Reached skill level 10 in Fighting
  3573 | Lair:1   | Reached skill level 8 in Maces & Flails
  3662 | Lair:1   | HIVE
  3688 | Lair:2   | Noticed a spiny frog
  3695 | Lair:2   | Killed a spiny frog
  3805 | Lair:2   | deeeeeng
  3854 | Lair:1   | Noticed a four-headed hydra
  3859 | Lair:1   | Killed a four-headed hydra
  3859 | Lair:1   | Reached skill level 9 in Maces & Flails
  3859 | Lair:1   | Reached skill level 1 in Armour
  3859 | Lair:1   | Reached skill level 1 in Dodging
  3859 | Lair:1   | Reached XP level 11. HP: 57/57 MP: 12/12
  4141 | Lair:3   | Noticed a catoblepas
  4156 | Lair:3   | Killed a catoblepas
  4332 | Lair:3   | Reached skill level 10 in Maces & Flails
  4377 | Lair:3   | Found a staircase to the Snake Pit.
  4392 | Lair:3   | Reached *** piety under Hepliaklqana
  4506 | Lair:3   | Found a shimmering altar of Xom.
  4601 | Lair:3   | Identified a scroll of acquirement
  4619 | Lair:4   | Noticed an oklob plant
  4825 | Lair:5   | Gained mutation: You regenerate. [Vine Stalker growth]
  4825 | Lair:5   | Reached XP level 12. HP: 38/61 MP: 7/13
  4850 | Lair:5   | Reached skill level 5 in Dodging
  4910 | Lair:5   | Reached skill level 5 in Armour
  4960 | Lair:5   | Reached **** piety under Hepliaklqana
  5051 | Lair:6   | Entered Level 6 of the Lair of Beasts
  5058 | Lair:6   | Noticed an eight-headed hydra
  5116 | Lair:6   | Noticed a death yak
  5120 | Lair:6   | Noticed a death yak
  5325 | Lair:6   | Noticed a five-headed hydra
  5338 | Lair:6   | Killed a five-headed hydra
  5338 | Lair:6   | Reached skill level 11 in Maces & Flails
  5347 | Lair:6   | Noticed a six-headed hydra
  5360 | Lair:6   | Killed a six-headed hydra
  5414 | Lair:6   | TIME TO DIE VIOLENTLY
  5415 | Lair:6   | Found a burning altar of Makhleb.
  5437 | Lair:6   | Mangled by an ice devil

Vault maps used:
D:1:      dpeg_arrival_castle
D:2:      nicolae_overflow_crystal_walls, kennysheep_generic_room_4,
          uniq_sigmund, uniq_natasha
D:3:      first_bread, grunt_ministairs_10, roderic_cross_of_infinity,
          minmay_splitting_lines, uniq_crazy_yiuf_cottage
D:4:      minmay_misc_feat_nine_boxes
D:5:      bh_walls_and_bars, uniq_prince_ribbit1
D:6:      dancing_weapons_uskayaw, uniq_pikel
D:7:      minitemple, serial_shops, kennysheep_mini_moat
D:8:      serial_corexii_hall, corexii_hall_statues_deadend,
          corexii_hall_statues_i
D:9:      lemuel_crystal_altar
D:10:     dpeg_oklobed_lair, serial_glass, glass_columns_a, glass_columns_b,
          serial_shops, shop, david_nohive_1, nicolae_tso_swordbearing_angel
Temple:   regret_index_temple_waves
Lair:1:   special_room, guppyfry_lair_drakes, lemuel_fruit_tree
Lair:2:   minmay_shoals_entry_beasts
Lair:3:   guppyfry_snake_entry_island, basic_altar, beast_lair_carwin_9,
          grunt_megastairs_4
Lair:4:   minmay_lair_oklob_bushes
Lair:6:   evil_forest, minmay_slime_entry_pillars

Skill      XL: |  1  2  3  4  5  6  7  8  9 10 11 12 |
---------------+-------------------------------------+-----
Fighting       | 2 3 4 5 6 7 9 10 | 10.5
Staves         | 2 4 |  4.8
Maces & Flails | 2 5 7 9 10 11 | 11.2
Armour         | 1 4 6 |  6.1
Dodging        | 1 4 6 |  6.2
Crossbows      | |  3.6
Shields        | |  1.0
Evocations     | |  1.0

Action                   |  1- 3 |  4- 6 |  7- 9 | 10-12 || total
-------------------------+-------+-------+-------+-------++-------
Melee: Quarterstaff      |    79 |    56 |   301 |   152 ||   588
       Bite              |     8 |    17 |    92 |    80 ||   197
       Eveningstar       |       |       |       |    82 ||    82
 Fire: Blowgun           |       |       |     7 |    14 ||    21
       Arbalest          |       |       |       |    13 ||    13
Invok: Ancestor Identity |       |       |     1 |       ||     1
       Ancestor Life: Ba |       |       |       |     1 ||     1
       Recall Ancestor   |       |       |       |     2 ||     2
Evoke: Wand              |       |       |     2 |    18 ||    20
  Use: Potion            |     2 |     1 |       |       ||     3
       Scroll            |       |       |    15 |    11 ||    26
 Stab: Sleeping          |     1 |       |       |       ||     1
       Distracted        |       |       |     2 |     5 ||     7
       Paralysed         |       |       |       |     7 ||     7
  Eat: Chunk             |       |       |    10 |    13 ||    23
Armor: Robe              |    16 |     4 |       |       ||    20
       Ring mail         |       |     1 |   128 |    72 ||   201
Dodge: Dodged            |    89 |    36 |   163 |   151 ||   439
